 Dungeon Crawl Stone Soup version 0.31.0-11-ge490571c62 (webtiles) character file.

Game seed: 13886901928223344415

3212 Ruich the Destroyer (level 9, -4/61 HPs)
             Began as an Octopode Conjurer on Feb 5, 2024.
             Was a Follower of Vehumet.
             Succumbed to Amaemon's poison
             ... on level 7 of the Dungeon.
             The game lasted 00:22:34 (9963 turns).

Ruich the Destroyer (Octopode Conjurer)             Turns: 9963, Time: 00:22:34

Health: -4/61      AC:  1    Str:  6    XL:     9   Next: 97%
Magic:  6/17       EV: 13    Int: 23    God:    Vehumet [*.....]
Gold:   442        SH:  0    Dex: 12    Spells: 8/19 levels left

rFire   . . .        f - +10 long sword of Qoc Qeiv {vamp, ^Contam rC++ Will+ SInv}
rCold   + + .        (no shield)
rNeg    . . .        (helmet restricted)
rPois   .            (no amulet)
rElec   .            (no ring)
rCorr   .            (no ring)
SInv    +            (no ring)
Will    +....        (no ring)
Stlth   +++          (no ring)
HPRegen 0.30/turn    (no ring)
MPRegen 0.15/turn    (no ring)
                     (no ring)

%: no passive effects
@: lethally poisoned (-4 -> -36), very slightly contaminated, studying Fire
Magic
A: almost no armour, amphibious, 8 rings, camouflage 1, gelatinous body 1,
(nimble swimmer 1), tentacles
a: Renounce Religion


You were on level 7 of the Dungeon.
You worshipped Vehumet.
Vehumet was aware of your devotion.
You visited 2 branches of the dungeon, and saw 9 of its levels.

You collected 442 gold pieces.


Innate Abilities, Weirdness & Mutations

You cannot wear most types of armour.
You are amphibious.
You can wear up to eight rings at the same time.
Your skin changes colour to match your surroundings (Stealth+).
Your rubbery body absorbs attacks. (AC +1, EV +1)
((You are camouflaged when in or above water. (Stealth+)))
You have tentacles for arms and can constrict up to eight enemies at once.


   Skills:
 + Level 5.5 Fighting
 - Level 2.0 Dodging
 - Level 4.2 Stealth
 + Level 5.9 Spellcasting
 * Level 9.7 Conjurations
 - Level 4.3 Translocations
 + Level 3.5 Alchemy


You had 8 spell levels left.
You knew the following spells:

 Your Spells              Type           Power      Damage    Failure   Level
f - Fulminant Prism       Conj/Alch      18%        3d10      5%          4
m - Magic Dart            Conj           100%       1d8       1%          1
s - Searing Ray           Conj           100%       2d8       1%          2
X - Iskenderun's Mystic   Conj/Tloc      39%        2d9       4%          4

Your spell library contained the following spells:

 Spells                   Type           Power      Damage    Failure   Level
 Shock                    Conj/Air       100%       1d9       1%          1
 Sting                    Conj/Alch      100%       1d9       1%          1
 Mercury Vapours          Alch/Air       28%        N/A       6%          2
 Ensorcelled Hibernation  Hex/Ice        12%        N/A       13%         2
 Olgreb's Toxic Radiance  Alch           23%        N/A       21%         4
 Fugue of the Fallen      Necr           6%         N/A       26%         3
 Anguish                  Hex/Necr       3%         N/A       65%         4

Inventory:

Hand Weapons
 b - a +0 hand axe
 e - a +0 dagger
 f - the +10 long sword of Qoc Qeiv (weapon) {vamp, ^Contam rC++ Will+ SInv}
   (You took it off a gnoll on level 4 of the Dungeon)

   rC++:      It greatly protects you from cold.
   Will+:     It increases your willpower.
   SInv:      It lets you see invisible.
   ^Contam:   It causes magical contamination when unequipped.
Missiles
 c - 78 stones
 j - 27 poisoned darts
 s - a curare-tipped dart {=f}
 v - a throwing net {=f}
Armour
 l - an orb of energy
Jewellery
 E - a +5 ring of evasion
Wands
 n - a wand of charming (9)
 r - a wand of light (20)
 t - a wand of mindburst (10)
Scrolls
 d - 8 scrolls of identify {@r1}
 i - 3 scrolls of teleportation {@r2}
 p - 2 scrolls of amnesia {unknown}
 q - a scroll of torment {unknown}
 u - a scroll of vulnerability {unknown}
Potions
 a - 2 potions of magic
 g - a potion of resistance
 k - a potion of brilliance {unknown}
 m - 5 potions of curing {@q1}
 o - a potion of haste {@q3}
 w - 2 potions of attraction {unknown}

Dungeon Overview and Level Annotations

Branches:
Dungeon (8/15)             Temple (1/1) D:5
   Lair: D:8-11

Altars:
Ashenzari
Cheibriados
Dithmenos
Elyvilon
Fedhas
Gozag
Hepliaklqana
Kikubaaqudgha
Makhleb
Okawaru
Qazlal
Ru
Sif Muna
Trog
Uskayaw
Vehumet
Wu Jian
Xom
Yredelemnul
Zin

Shops:
D:3 [   D:5 [   D:6 *

Portals:
Abyss: D:7

Annotations:
D:5 Blork the orc, Grinder
D:7 2 transporters, 3 runed translucent doors, Amaemon; Vadun's ghost, novice MiBe

####### #############
......## ##.##........#
.###...## ##.....#.####.#
.##.....###..........##.#
.#...........###.###.##.#
.#......####.#.....#....#
.#.#..>## #.#.6...#.#..#
......## #....@....##.#
##....# #.#.....#....#
#....# ##.#.....#.#####
##...# ##..###.###.....#
##..## ##...........##..#
##...####.........####...##
..................'.......#
..................####...##
.##..###.#.......## ##..#


You could see Amaemon.


Message History

You constrict Amaemon.
Amaemon gestures wildly while chanting.
A kobold comes into view. It is wielding a +0 club.
A kobold brigand comes into view.
It is wielding a +0 club and quivering poisoned darts.
Your fulminant prism explodes!
The blast of energy engulfs the orange demon!!
The orange demon is heavily wounded.
The blast of energy engulfs Amaemon!
Amaemon is severely wounded.
Amaemon hits you with a -2 demon whip of venom!
You are poisoned.
Amaemon barely misses you. Amaemon tail-slaps you.
The orange demon stings you from afar!
You hear a shout!
Unknown command.
You release your grip on Amaemon.
You feel very sick. Amaemon attacks as he pursues you!
Amaemon barely misses you. Amaemon claws you. Amaemon misses you.
You feel sick.
There is a stone staircase leading up here.
You feel sick.
Amaemon hits you with a -2 demon whip of venom!
* * * LOW HITPOINT WARNING * * *
You are lethally poisoned!
Amaemon misses you. Amaemon tail-slaps you.
* * * LOW HITPOINT WARNING * * *
You climb upwards.
Level annotation: 2 transporters, 3 runed translucent doors, Vadun's ghost, novice MiBe You die...

Skill      XL: |  1  2  3  4  5  6  7  8  9 |
---------------+----------------------------+-----
Stealth        | 3 4 |  4.2
Conjurations   | 5 6 7 8 9 |  9.7
Fighting       | 1 2 3 4 5 |  5.5
Spellcasting   | 3 4 5 |  5.9
Translocations | 1 2 3 4 |  4.3
Alchemy        | 3 |  3.5
Dodging        | |  2.0

Action                     |  1- 3 |  4- 6 |  7- 9 || total
---------------------------+-------+-------+-------++-------
  Melee: Hand axe          |     2 |       |       ||     2
         Tentacles         |     2 |     2 |    19 ||    23
         Dagger            |     3 |       |       ||     3
         Constrict         |     2 |     3 |    16 ||    21
         Long sword        |       |    15 |   101 ||   116
   Cast: Magic Dart        |    57 |    71 |   144 ||   272
         Searing Ray       |     1 |     9 |    18 ||    28
         Fulminant Prism   |       |       |     8 ||     8
    Use: Scroll            |       |    10 |     2 ||    12
         Potion            |       |       |     4 ||     4
   Stab: Distracted        |       |     1 |     1 ||     2
         Sleeping          |       |       |     1 ||     1
 Armour: Skin              |     5 |     8 |   121 ||   134
  Dodge: Dodged            |     8 |    22 |   123 ||   153

Levels and vault maps discovered:
D:1:      lightli_molten_gateway, layout_loops_cross
D:2:      layout_rooms, shapermc_ecumenical_altar_acropolis
D:3:      layout_loops_cross, marbit_many_paths, kennysheep_slug_shrine,
          serial_shops, nicolae_shop_crystal, nicolae_twisty_statue_hallways
D:4:      layout_rooms, lemuel_doored_altar, mainiacjoe_overflow_alcove_4
D:5:      layout_basic, minmay_temple_entry_metal_lava, serial_shops,
          nicolae_shop_statue_plus, uniq_menkaure, uniq_blork_the_orc,
          uniq_grinder
D:6:      layout_basic, mainiacjoe_overflow_alcove_2,
          nicolae_shop_sticking_my_neck_out
D:7:      lemuel_bear_cage, layout_loops_corners,
          gammafunk_temple_overflow_wave, gammafunk_ghost_abyssal_escape,
          st_stairs_3, minmay_misc_feat_nine_boxes, minmay_manual_mail,
          uniq_jeremiah
D:8:      layout_basic, nicolae_tso_swordbearing_angel, dpeg_oklobed_lair,
          nicolae_shop_i_like_big_books, uniq_amaemon
Temple:   nicolae_temple_god_jail

Notes
Turn   | Place    | Note
-------+----------+-------------------------------------------
     0 | D:1      | Ruich the Octopode Conjurer began the quest for the Orb.
     0 | D:1      | Reached XP level 1. HP: 11/11 MP: 3/3
   148 | D:1      | Reached skill level 3 in Stealth
   148 | D:1      | Reached XP level 2. HP: 17/17 MP: 0/5
  1062 | D:2      | Reached XP level 3. HP: 21/21 MP: 4/6
  1104 | D:2      | Learned a level 2 spell: Searing Ray
  1498 | D:2      | Found a faded altar of an unknown god.
  1747 | D:3      | Found Gaigif's Antique Armour Boutique.
  1785 | D:3      | Reached XP level 4. HP: 27/27 MP: 3/7
  2051 | D:3      | Found a burning altar of Makhleb.
  2409 | D:3      | Found a snail-covered altar of Cheibriados.
  2538 | D:3      | Reached skill level 4 in Stealth
  2538 | D:3      | Reached skill level 5 in Conjurations
  2688 | D:3      | Learned a level 4 spell: Iskenderun's Mystic Blast
  2718 | D:4      | Reached XP level 5. HP: 31/31 MP: 3/9
  3027 | D:4      | Identified a potion of resistance
  3250 | D:4      | Identified the +10 long sword of Qoc Qeiv {vamp, ^Contam
                  | rC++ Will+ SInv}
  3417 | D:4      | Noticed an ogre
  3447 | D:4      | Killed an ogre
  3448 | D:4      | Reached skill level 1 in Fighting
  3448 | D:4      | Reached skill level 3 in Spellcasting
  3448 | D:4      | Reached skill level 1 in Translocations
  3448 | D:4      | Reached XP level 6. HP: 38/38 MP: 2/10
  3737 | D:4      | Reached skill level 6 in Conjurations
  3931 | D:4      | Found a shimmering blue altar of Sif Muna.
  3932 | D:4      | Noticed a black bear
  3967 | D:4      | Killed a black bear
  3968 | D:4      | Reached skill level 2 in Fighting
  3968 | D:4      | Reached skill level 2 in Translocations
  3968 | D:4      | Reached XP level 7. HP: 45/45 MP: 7/12
  4479 | D:4      | Found an ornate altar of the Wu Jian Council.
  4558 | D:5      | Entered Level 5 of the Dungeon
  4558 | D:5      | Noticed Menkaure
  4562 | D:5      | Killed Menkaure
  4885 | D:4      | Reached skill level 4 in Spellcasting
  5025 | D:5      | Reached skill level 3 in Translocations
  5134 | D:5      | Noticed Blork the orc
  5159 | D:5      | Reached skill level 3 in Fighting
  5159 | D:5      | Reached skill level 7 in Conjurations
  5159 | D:5      | Reached XP level 8. HP: 40/52 MP: 7/14
  5456 | D:5      | Found a staircase to the Ecumenical Temple.
  5469 | Temple   | Entered the Ecumenical Temple
  5481 | Temple   | Became a worshipper of Vehumet
  5755 | D:5      | Found Rexao's Armour Shop.
  5903 | D:5      | Noticed Grinder
  6778 | D:6      | Found Teg Jank's Neck Hole.
  6853 | D:6      | Reached skill level 8 in Conjurations
  6853 | D:6      | Reached skill level 4 in Translocations
  6966 | D:6      | Reached skill level 4 in Fighting
  6971 | D:6      | Reached * piety under Vehumet
  6971 | D:6      | Offered knowledge of Shock by Vehumet.
  7056 | D:6      | Reached skill level 5 in Spellcasting
  7056 | D:6      | Reached XP level 9. HP: 38/58 MP: 14/16
  7131 | D:6      | Learned a level 4 spell: Fulminant Prism
  7513 | D:6      | Found a white marble altar of Elyvilon.
  7904 | D:7      | Reached skill level 1 in Alchemy
  8098 | D:7      | Noticed an unseen horror
  8186 | D:7      | Killed an unseen horror
  8187 | D:7      | Reached skill level 9 in Conjurations
  8187 | D:7      | Reached skill level 2 in Alchemy
  8404 | D:7      | Reached skill level 5 in Fighting
  8469 | D:7      | Found a transporter.
  8615 | D:7      | Found a basalt altar of Yredelemnul.
  8615 | D:7      | Found a hazy altar of Hepliaklqana.
  8630 | D:7      | Noticed Jeremiah
  8830 | D:7      | Killed Jeremiah
  8831 | D:7      | Reached skill level 3 in Alchemy
  8879 | D:7      | Found a one-way gate to the infinite horrors of the Abyss.
  8879 | D:7      | Noticed Vadun's ghost (novice MiBe)
  8885 | D:7      | Noticed a toenail golem
  8893 | D:7      | Found a transporter.
  8902 | D:7      | Found a runed translucent gate.
  8914 | D:7      | Found a runed translucent gate.
  8916 | D:7      | Found a runed translucent gate.
  8916 | D:7      | Noticed a manticore
  8917 | D:7      | Noticed a death yak
  8918 | D:7      | Noticed a polar bear
  9741 | D:8      | Noticed Amaemon
  9741 | D:8      | Noticed an orange demon
  9756 | D:8      | HP: 6/61 [poisoned by Amaemon]
  9963 | D:7      | Succumbed to Amaemon's poison

Vanquished Creatures
  An unseen horror (D:7)
  Jeremiah (D:7)
  A yak (D:6)
  A steam dragon (D:6)
  Menkaure (D:5)
  A water moccasin (D:4)
  2 sky beasts (D:7)
  4 ice beasts
  A black bear (D:4)
  An ogre (D:4)
  2 gnoll sergeants
  2 kobold brigands
  3 bullfrogs
  4 scorpions
  A killer bee (D:7)
  A howler monkey (D:4)
  A bombardier beetle (D:3)
  2 hounds
  A jelly (D:4)
  4 sleepcaps
  3 iguanas
  2 orc wizards
  11 gnolls
  6 adders
  A white imp (D:8)
  4 ufetubi (D:6)
  2 dart slugs
  2 ribbon worms (D:3)
  19 orcs
  6 bats
  4 endoplasms
  2 giant cockroaches
  9 goblins
  5 hobgoblins
  6 jackals (D:5)
  3 quokkas
  3 ball pythons
  4 frilled lizards
  14 kobolds
  5 rats
146 creatures vanquished.

Vanquished Creatures (others)
  8 fulminant prisms
8 creatures vanquished.

Grand Total: 154 creatures vanquished

Table legend: (Time is in decaauts)
 A = Elapsed time spent in this place.
 B = Non-inter-level travel time spent in this place.
 C = Inter-level travel time spent in this place.
 D = Time resting spent in this place.
 E = Time spent auto-exploring this place.
 F = Levels seen in this place.
 G = Mean time per level.
                   A        B        C        D        E       F      G
               +--------+--------+--------+--------+--------+-----+--------+
         Total |  10014 |   9700 |    314 |   3757 |   4590 |   9 | 1112.7 |
       Dungeon |   9991 |   9677 |    314 |   3757 |   4590 |   8 | 1248.9 |
        Temple |     22 |     22 |      0 |      0 |      0 |   1 |   22.0 |
               +--------+--------+--------+--------+--------+-----+--------+

Top non-repeatable levels by time:
     D:4: 1959 daAuts
     D:7: 1893 daAuts
     D:6: 1773 daAuts
     D:3: 1335 daAuts
     D:5: 1254 daAuts
     D:1: 988 daAuts
     D:2: 674 daAuts
     D:8: 110 daAuts
  Temple: 22 daAuts

Table legend:
 A = Non-vault XP
 B = Vault XP
 C = Vault XP percentage of total XP
 D = Non-vault monster count
 E = Vault monster count
 F = Vault count percentage of total count
                 A         B        C        D         E       F
            +---------+---------+-------+---------+---------+-------
      Total |    3008 |    1581 |  34.5 |     136 |      10 |   6.8
            +---------+---------+-------+---------+---------+-------
        D:1 |      28 |       0 |   0.0 |      16 |       0 |   0.0
        D:2 |      47 |       0 |   0.0 |      14 |       0 |   0.0
        D:3 |      86 |       5 |   5.5 |      14 |       2 |  12.5
        D:4 |     823 |       0 |   0.0 |      33 |       0 |   0.0
        D:5 |     203 |     172 |  45.9 |      11 |       1 |   8.3
        D:6 |    1113 |     199 |  15.2 |      28 |       1 |   3.4
        D:7 |     686 |    1205 |  63.7 |      15 |       6 |  28.6
        D:8 |      22 |       0 |   0.0 |       5 |       0 |   0.0
            +---------+---------+-------+---------+---------+-------
